AoeStats
← Dübel Dieter

Arabia

507996145Analyzed
1v1 RM · 12d ago on Sep 20, 2026· 59m 10s· 2 players
Game mode
Random Map
Map size
Tiny (2 player)
Population
200
Speed
Normal
Resources
Standard
Victory
Conquest
Starting age
Dark Age
Ending age
Imperial Age
RankedLock teamsTeams togetherTeam positionsShared explorationLock speedFull tech treeHidden civsTurbo modeCheats
Victory
Defeat
🇩🇪 Franks · Germany
1026
+17
🇳🇱 Malians · Netherlands
1051
-17
Dübel Dieter
6:23 Loom
9:32 Feudal Age
10:30 Double-Bit Axe
19:05 Castle Age
21:32 Scale Barding Armor
27:35 Gold Mining
27:35 Stone Mining
30:01 Wheelbarrow
30:45 Gold Shaft Mining
30:00 Stone Mining
30:07 Stone Mining
31:38 Hand Cart
32:56 Husbandry
33:07 Forging
33:18 Chain Barding Armor
36:43 Imperial Age
34:56 Gold Shaft Mining
36:15 Iron Casting
38:36 Cavalier
40:42 Blast Furnace
40:45 Plate Barding Armor
40:29 Capped Ram
42:05 Paladin
45:23 Bow Saw
50:22 Ballistics
53:49 Chemistry
52:45 Murder Holes
The Mountain
1:02 Loom
6:12 Loom
9:40 Feudal Age
13:51 Fletching
21:49 Castle Age
21:23 Padded Archer Armor
22:32 Scale Barding Armor
22:38 Forging
22:45 Crossbowman
23:28 Gold Mining
24:12 Bodkin Arrow
25:44 Horse Collar
26:23 Leather Archer Armor
26:48 Pikeman
28:04 Scale Mail Armor
28:05 Stone Mining
28:09 Double-Bit Axe
29:29 Chain Mail Armor
29:46 Squires
32:04 Wheelbarrow
31:31 Heavy Plow
32:01 Forging
34:07 Hand Cart
33:37 Town Watch
37:24 Ballistics
40:31 Imperial Age
42:29 Chemistry
40:52 Arbalester
41:38 Thumb Ring
45:38 Bloodlines
45:30 Husbandry
44:52 Heavy Camel Rider
50:20 Conscription
50:52 Chain Barding Armor
52:13 Iron Casting
53:16 Crop Rotation
54:34 Plate Barding Armor
56:51 Gold Shaft Mining
56:57 Bow Saw
58:51 Conscription
59:20 Farimba
Connection lost

Rejoining the realm…

Still unreachable

The connection could not be restored.

Session expired

The server has moved on; the page needs a fresh start.